[Event "Titled Tuesday Blitz November 08 Late 2022"]
[White "Vlassov, Nikolai"]
[Black "Bogaudinov, Rushan"]
[WhiteFideId "4103360"]
[BlackFideId "4129288"]
[WhiteElo "2324"]
[BlackElo "1997"]
[Result "1-0"]
[Round "11"]
[TimeControl "180+1"]
[Date "2022.11.09"]
[WhiteClock "0:00:01"]
[BlackClock "0:00:02"]

1. e4 c5 2. c3 e6 3. d4 d5 4. exd5 Qxd5 5. Nf3 Nf6 6. a3 Nc6 7. Be3 cxd4 8. cxd4 Be7 9. Nc3 Qd8 10. Qc2 O-O 11. Bd3 Bd7 12. O-O Rc8 13. Rad1 a6 14. Bg5 h6 15. Be3 b5 16. Qd2 Ng4 17. Bf4 b4 18. Ne4 Nxd4 19. Nxd4 e5 20. h3 exf4 21. hxg4 Bxg4 22. Be2 Bxe2 23. Qxe2 bxa3 24. Ne6 Qa5 25. Nxf8 Bxf8 26. bxa3 Qxa3 27. Qg4 Rc6 28. Rfe1 Rg6 29. Qxf4 Qb4 30. Qf3 a5 31. Rb1 Qc4 32. Ng3 Bb4 33. Re8+ Kh7 34. Qa8 Rf6 35. Rh8+ Kg6 36. Qe4+ Qxe4 37. Nxe4 Re6 38. f3 Rc6 39. Ra8 f5 40. Ng3 h5 41. Ne2 h4 42. Nf4+ Kg5 43. Nd3 Bc3 44. Rb5 g6 45. Kh2 Rd6 46. Nf2 1-0


[Site "https://www.chess.com"]

[Event "Titled Tuesday Blitz November 08 Late 2022"]
[White "Wirig, Anthony"]
[Black "Kim, Sergey"]
[WhiteFideId "615013"]
[BlackFideId "13700570"]
[WhiteElo "2487"]
[BlackElo "2589"]
[Result "0-1"]
[Round "11"]
[TimeControl "180+1"]
[Date "2022.11.09"]
[WhiteClock "0:00:44"]
[BlackClock "0:01:05"]

1. e4 e5 2. Nf3 Nc6 3. d4 exd4 4. Bc4 Nf6 5. O-O Nxe4 6. Re1 d5 7. Bxd5 Qxd5 8. Nc3 Qa5 9. Nxe4 Be6 10. Neg5 O-O-O 11. Nxe6 fxe6 12. Rxe6 Be7 13. Qe2 Bf6 14. Bf4 Qd5 15. a3 d3 16. cxd3 Qxd3 17. Re1 Qxe2 18. R6xe2 Rd3 19. h4 Rb3 20. Bc1 h6 21. h5 Rd8 22. Kh2 Nd4 23. Nxd4 Rxd4 24. f4 Rd5 25. g4 Rdd3 26. Re3 Rxe3 27. Bxe3 Rxb2+ 28. Kg3 Rb3 29. Kg2 Rb2+ 30. Kf3 Rb3 31. Ke4 Rxa3 32. g5 Bc3 33. Rg1 b5 34. gxh6 gxh6 35. Rg6 b4 36. f5 b3 37. Rg8+ Kb7 38. Rg1 b2 39. Kd3 Ra1 40. Kc2 Bf6 41. Rb1 a5 42. Bxh6 a4 43. Bg5 Rxb1 44. Bxf6 Rh1 0-1


[Site "https://www.chess.com"]

[Event "Titled Tuesday Blitz November 08 Late 2022"]
[White "Xiong, Jeffery"]
[Black "Nakamura, Hikaru"]
[WhiteFideId "2047640"]
[BlackFideId "2016192"]
[WhiteElo "2725"]
[BlackElo "2909"]
[Result "1-0"]
[Round "11"]
[TimeControl "180+1"]
[Date "2022.11.09"]
[WhiteClock "0:00:05"]
[BlackClock "0:00:04"]

1. d4 g6 2. e4 Bg7 3. Nf3 d6 4. Be3 Nd7 5. Nc3 Ngf6 6. Qd2 e5 7. Bh6 Bxh6 8. Qxh6 c6 9. O-O-O Qe7 10. Bc4 Ng4 11. Qd2 b5 12. Bb3 b4 13. Na4 Rb8 14. Rhe1 Ngf6 15. dxe5 dxe5 16. Ng5 O-O 17. Qd6 Qxd6 18. Rxd6 Ba6 19. Red1 Rb7 20. Rxc6 Bb5 21. Rcd6 h6 22. Nf3 Kg7 23. Nd2 Rc8 24. f3 Rbc7 25. Kb1 a5 26. c4 Bxa4 27. Bxa4 Nc5 28. Bb5 a4 29. Kc2 Nh7 30. Nf1 Ng5 31. Ne3 Nge6 32. R1d5 Nd4+ 33. Kd2 b3 34. a3 Nb7 35. Rb6 Nc5 36. Rxe5 Nce6 37. Rd5 Nc2 38. Bxa4 Nxe3 39. Kxe3 Rxc4 40. Bxb3 Rc1 41. Rd7 Nc5 42. Rxf7+ Kh8 43. Bd5 Re1+ 44. Kf2 Nd3+ 45. Kg3 Re2 46. Rbb7 1-0


[Site "https://www.chess.com"]

[Event "Titled Tuesday Blitz November 08 Late 2022"]
[White "Young, Ryan"]
[Black "Tsukerman, Julia"]
[WhiteFideId "2049945"]
[BlackFideId "2621649"]
[WhiteElo "2288"]
[BlackElo "1667"]
[Result "0-1"]
[Round "11"]
[TimeControl "180+1"]
[Date "2022.11.09"]
[WhiteClock "0:00:43"]
[BlackClock "0:00:38"]

1. e4 c5 2. c3 d5 3. exd5 Qxd5 4. d4 Nf6 5. Nf3 Bg4 6. Qa4+ Nc6 7. Bc4 Qd7 8. Nbd2 e6 9. O-O cxd4 10. cxd4 Be7 11. Bb5 O-O 12. Ne5 Qxd4 13. Nxg4 Qxg4 14. Bxc6 bxc6 15. Qxc6 Rfc8 16. Qb7 Bd6 17. Nf3 Nd5 18. Bd2 Nf4 19. Qa6 Qxg2# 0-1


[Site "https://www.chess.com"]

[Event "Titled Tuesday Blitz November 08 Late 2022"]
[White "Yuan, Qingyu"]
[Black "Postnikov, Daniil"]
[WhiteFideId "8609772"]
[BlackFideId "4166329"]
[WhiteElo "2359"]
[BlackElo "2261"]
[Result "0-1"]
[Round "11"]
[TimeControl "180+1"]
[Date "2022.11.09"]
[WhiteClock "0:00:02"]
[BlackClock "0:00:05"]

1. e4 c5 2. Nf3 e6 3. c4 Nc6 4. Nc3 Nf6 5. Be2 b6 6. O-O Bb7 7. e5 Ng4 8. d4 cxd4 9. Nxd4 Ngxe5 10. Ndb5 Qb8 11. Ne4 Be7 12. Nbd6+ Kf8 13. f4 Ng6 14. f5 Nge5 15. f6 Bxf6 16. Nxf6 gxf6 17. Rxf6 Rg8 18. Nxb7 Qxb7 19. Qd6+ Ke8 20. Bf4 Nd4 21. Bf1 Ndf3+ 22. Kh1 Ng4 23. Bg3 Nxf6 24. gxf3 Rc8 25. Bg2 Rxc4 26. f4 Ne4 27. Qd3 d5 28. f5 Rxg3 29. Qe2 Rg8 30. Rf1 Qe7 31. fxe6 fxe6 32. b3 Rc3 33. Qh5+ Rg6 34. Bh3 Qg5 35. Qd1 Qg1+ 36. Rxg1 Nf2# 0-1


[Site "https://www.chess.com"]

[Event "Titled Tuesday Blitz November 08 Late 2022"]
[White "Zhu, Jiner"]
[Black "Becerra, Juan David"]
[WhiteFideId "8608059"]
[BlackFideId "4404998"]
[WhiteElo "2384"]
[BlackElo "2281"]
[Result "1/2-1/2"]
[Round "11"]
[TimeControl "180+1"]
[Date "2022.11.09"]
[WhiteClock "0:00:30"]
[BlackClock "0:00:35"]

1. c4 e6 2. Nc3 d5 3. d4 c6 4. Nf3 Nf6 5. e3 Nbd7 6. Bd3 dxc4 7. Bxc4 Bd6 8. O-O O-O 9. a4 a5 10. e4 e5 11. h3 Qe7 12. Re1 exd4 13. Nxd4 Ne5 14. Bf1 Rd8 15. Qc2 Bb4 16. Be3 Bxh3 17. f4 Neg4 18. Nf5 Qc7 19. gxh3 Nxe3 20. Nxe3 Qxf4 21. Bg2 Rd4 22. Qf2 Qxf2+ 23. Kxf2 Bxc3 24. bxc3 Nxe4+ 25. Kg1 Nxc3 26. Nf5 Rd2 27. Re7 Ne2+ 28. Kh1 Nf4 29. Bf1 Rb8 30. Bc4 Nd5 31. Rd7 Rf2 32. Nd6 Nb6 33. Bxf7+ Kf8 34. Rc7 Na8 35. Rd7 Nb6 36. Rc7 Na8 37. Rd7 Nb6 1/2-1/2


[Site "https://www.chess.com"]

[Event "Titled Tuesday Blitz November 08 Late 2022"]
[White "chess50years"]
[Black "Gonzalez, Francisco Silva"]
[BlackFideId "1512285"]
[WhiteElo "2148"]
[BlackElo "2159"]
[Result "0-1"]
[Round "11"]
[TimeControl "180+1"]
[Date "2022.11.09"]
[WhiteClock "0:00:02"]
[BlackClock "0:00:47"]

1. d4 Nf6 2. c4 e6 3. Nc3 Bb4 4. Bg5 c5 5. Nf3 h6 6. Bxf6 Bxc3+ 7. bxc3 Qxf6 8. e3 O-O 9. Bd3 d6 10. O-O Nc6 11. Nd2 e5 12. dxc5 dxc5 13. Be4 Ne7 14. Qf3 Qxf3 15. Nxf3 f6 16. Rfd1 Rb8 17. Bd5+ Kh7 18. h3 Bf5 19. e4 Bd7 20. a4 Rfd8 21. a5 Ng6 22. Kf1 Nf4 23. h4 g5 24. hxg5 hxg5 25. Rab1 Ba4 26. Rd2 b6 27. axb6 axb6 28. Ra2 Be8 29. Ra7+ Kg6 30. g3 Nh5 31. Kg2 Ng7 32. Rba1 Rd7 33. Rxd7 Bxd7 34. Ra7 Be8 35. Ne1 b5 36. cxb5 Rxb5 37. c4 Rb3 38. Nc2 Kh6 39. Ne3 Bh5 40. g4 Bg6 41. Ra8 Kh7 42. Ra7 Kh8 43. Ra8+ Kh7 44. Ra7 Kh6 45. Ra8 Ne8 46. Rd8 Rd3 47. Kf1 Rd4 48. f3 Nc7 49. Ke2 Ne6 0-1